 Dungeon Crawl Stone Soup version 0.23-a0-73-g64c3ba73d4 (console) character file.

1087 PeterW the Skirmisher (level 8, 0/60 HPs)
             Began as a Human Wanderer on Aug 10, 2018.
             Was a Follower of Dithmenos.
             Succumbed to a gnoll's poison
             ... on level 6 of the Dungeon.
             The game lasted 00:51:03 (3478 turns).

PeterW the Skirmisher (Human Wanderer)              Turns: 3478, Time: 00:51:04

Health: 0/60       AC: 12    Str: 12 (14) XL:     8   Next: 56%
Magic:  10/10      EV: 11    Int: 10 (11) God:    Dithmenos [*.....]
Gold:   194        SH:  4    Dex: 14 (15) Spells: 7/7 levels left

rFire    . . .     SeeInvis .   r - +2 dagger (venom)
rCold    . . .     Gourm    .   c - +0 buckler
rNeg     . . .     Faith    .   b - +0 ring mail
rPois    .         Spirit   .   F - +2 helmet
rElec    .         Reflect  .   (no cloak)
rCorr    +         Harm     .   j - +1 pair of gloves
MR       +....                  u - +0 pair of boots
Stlth    ++........             (no amulet)
HPRegen  0.20/turn              R - ring of protection from magic
MPRegen  0.12/turn              Z - ring of resist corrosion

@: lethally poisoned (0 -> -26), flying, wreathed by umbra
A: no striking features
a: Renounce Religion


You were on level 6 of the Dungeon.
You worshipped Dithmenos.
Dithmenos was aware of your devotion.
You were not hungry.

You visited 1 branch of the dungeon, and saw 7 of its levels.

You collected 194 gold pieces.

Inventory:

Hand Weapons
 h - a +0 short sword
 r - a +2 dagger of venom (weapon)
 w - a +0 rapier
 S - a +2 scythe of venom
 X - a +0 dagger
Missiles
 p - 138 stones (quivered)
 s - 116 arrows
 v - 43 sling bullets
 P - 7 poisoned needles
Armour
 b - a +0 ring mail (worn)
 c - a +0 buckler (worn)
 j - a +1 pair of gloves (worn)
 k - a +0 robe
 u - a +0 pair of boots (worn)
 E - a +0 animal skin
 F - a +2 helmet (worn)
 T - a +0 robe
 Y - a -2 ring mail
Jewellery
 R - a ring of protection from magic (left hand)
 V - an uncursed ring of protection from magic
 Z - a ring of resist corrosion (right hand)
Wands
 a - a wand of enslavement (12)
 i - a wand of random effects (28)
 x - a wand of iceblast (2)
Scrolls
 m - 2 scrolls of teleportation
 n - 2 scrolls of remove curse
 q - a scroll of magic mapping
 B - 2 scrolls of fog
 Q - 3 scrolls of immolation {unknown}
Potions
 g - 2 potions of flight
 l - 3 potions of mutation
 o - a potion of berserk rage {unknown}
 z - a potion of lignification {unknown}
 G - a potion of curing {unknown}
 U - a potion of haste {unknown}
Comestibles
 f - 6 rations


   Skills:
 + Level 4.1 Fighting
 + Level 4.0 Short Blades
   Level 2.0 Crossbows
 - Level 0.3 Throwing
 + Level 3.6 Armour
 + Level 3.2 Dodging
 + Level 3.4 Stealth
 * Level 2.7 Shields
 + Level 3.1 Invocations
 - Level 2.7 Evocations


You had 7 spell levels left.
You didn't know any spells.
Your spell library contained the following spells:

 Spells                   Type           Power        Failure   Level  Hunger
 Apportation              Tloc           #.....       67%         1    ##.....
 Summon Small Mammal      Summ           #...         67%         1    ##.....
 Animate Skeleton         Necr           N/A          67%         1    ##.....
 Confusing Touch          Hex            #.....       67%         1    ##.....


Dungeon Overview and Level Annotations

Branches:
Dungeon (7/15)
 Temple: D:4-7

Altars:
Dithmenos
Elyvilon
Xom
Yredelemnul

Shops:
D:6 [


Message History

* * * LOW HITPOINT WARNING * * *
You feel very sick.
Evoke which item? (* to show all) (? for menu, Esc to quit)
Aiming: Random Effects
Press: ? - help, Shift-Dir - straight line, f - you, p - gnoll That beam is likely to hit you.
Continue anyway?
Okay, then.
As you read the scroll of identify, it crumbles to dust.
l - 3 potions of mutation
* * * LOW HITPOINT WARNING * * *
You feel sick.
It was a potion of flight.
You feel very buoyant.
You fly up into the air.
* * * LOW HITPOINT WARNING * * *
You feel very sick.
It was a potion of degeneration.
There was something very wrong with that liquid.
You feel weakened.
You feel dopey.
You feel clumsy.
You die...

### ### .. .# # ..
.#.###... .. ....#.
#########.#.∩.#.. .)
###..>g...).....#..##.
#....@#####.###....#..
#.###.# .. #.#.
#.....# ... #<#.
#......# .## #.#g
#........ # #.#.
#........ #.#.
#.#......# #<#. #
#....... #.#. #...!...
#.#. .... .##.


You could see a friendly gnoll.

Vanquished Creatures
  Sigmund (D:3)
  Edmund (D:4)
  An ogre (D:4)
  2 scorpions
  2 howler monkeys (D:6)
  A bullfrog zombie (D:6)
  2 crimson imps (D:5)
  2 hounds
  4 orc wizards
  An orc priest (D:4)
  A bullfrog skeleton (D:5)
  Jessica (D:2)
  A worker ant (D:5)
  A worker ant zombie (D:5)
  Robin (D:2)
  6 gnolls
  4 adders
  2 worms
  4 leopard geckos
  4 orcs
  2 ball pythons
  3 bats
  3 giant cockroaches
  5 hobgoblins
  2 jackals (D:5)
  6 kobolds
  4 quokkas
  4 frilled lizards
  8 goblins
  A jackal skeleton (D:5)
  A quokka skeleton (D:5)
  2 rats
  2 butterflies (D:5)
85 creatures vanquished.

Vanquished Creatures (collateral kills)
  A dart slug (D:1)
  2 goblins (D:2)
  A hobgoblin (D:2)
  A rat (D:1)
5 creatures vanquished.

Vanquished Creatures (others)
  A goblin (D:2)
1 creature vanquished.

Grand Total: 91 creatures vanquished

Notes
Turn   | Place    | Note
-------+----------+-------------------------------------------
     0 | D:1      | PeterW the Human Wanderer began the quest for the Orb.
     0 | D:1      | PeterW set off with: a wand of enslavement (15), a +0 ring mail, a +0 buckler, a +0 dagger, a ration
     0 | D:1      | Reached XP level 1. HP: 16/16 MP: 1/1
   487 | D:1      | Reached XP level 2. HP: 19/22 MP: 2/2
   586 | D:2      | Found a shadowy altar of Dithmenos.
   586 | D:2      | Found a basalt altar of Yredelemnul.
   691 | D:2      | Noticed Robin
   705 | D:2      | Reached XP level 3. HP: 18/28 MP: 3/3
  1323 | D:2      | Killed Robin
  1323 | D:2      | Reached XP level 4. HP: 29/34 MP: 4/4
  1553 | D:2      | Became a worshipper of Dithmenos the Shadowed
  1606 | D:2      | Noticed Jessica
  1610 | D:2      | Killed Jessica
  1610 | D:2      | Reached skill level 1 in Dodging
  2162 | D:3      | Noticed Sigmund
  2173 | D:3      | Killed Sigmund
  2173 | D:3      | Reached skill level 1 in Invocations
  2173 | D:3      | Reached XP level 5. HP: 30/41 MP: 4/6
  2173 | D:3      | Reached XP level 6. HP: 34/47 MP: 4/7
  2298 | D:4      | Noticed an ogre
  2311 | D:4      | Killed an ogre
  2311 | D:4      | Reached XP level 7. HP: 52/52 MP: 8/8
  2535 | D:4      | Noticed Edmund
  2592 | D:4      | Killed Edmund
  2614 | D:5      | Entered Level 5 of the Dungeon
  2739 | D:5      | Found a shimmering altar of Xom.
  2790 | D:5      | Reached XP level 8. HP: 53/60 MP: 9/9
  2938 | D:5      | Found a white marble altar of Elyvilon.
  3147 | D:5      | Reached * piety under Dithmenos
  3426 | D:6      | Found Warisata's Antique Armour Shoppe.
  3477 | D:6      | HP: 1/60 [poisoned by a gnoll]
  3478 | D:6      | Succumbed to a gnoll's poison

Vault maps used:
D:1:      tarquinn_simple_flora_water_f
D:2:      grunt_temple_overflow_open, uniq_jessica, uniq_robin
D:3:      serial_park_tiny_pond, uniq_ijyb, uniq_sigmund
D:4:      first_ration, ebering_ghost_sewer_d, uniq_edmund
D:5:      xom_butterflies, elyvilon_altar_5, mumra_transporter_accident
D:6:      lemuel_coloured_pillars_altar, minmay_temple_entry_trees, basic_altar,
          serial_shops, nicolae_shop_stone, minmay_a_box_with_orc_wizards_in_it
D:7:      grunt_ogre_cave, uniq_prince_ribbit1

Skill      XL: |  1  2  3  4  5  6  7  8 |
---------------+-------------------------+-----
Armour         | 2 3 |  3.6
Dodging        | 2 3 |  3.2
Fighting       | 3 4 |  4.1
Short Blades   | 3 4 |  4.0
Invocations    | 1 2 3 |  3.1
Stealth        | 2 3 |  3.4
Evocations     | 2 |  2.7
Shields        | 2 |  2.7
Crossbows      | |  2.0
Throwing       | |  0.3

Action                   |  1- 3 |  4- 6 |  7- 9 || total
-------------------------+-------+-------+-------++-------
Melee: Dagger            |   185 |    58 |   267 ||   510
Throw: Stone             |    12 |     3 |       ||    15
Evoke: Wand              |     2 |       |     1 ||     3
  Use: Potion            |     3 |       |     3 ||     6
       Scroll            |       |     4 |     2 ||     6
 Stab: Sleeping          |       |     1 |     2 ||     3
  Eat: Ration            |     1 |     1 |     1 ||     3
Armor: Ring mail         |    58 |    14 |    79 ||   151
Dodge: Dodged            |    88 |    25 |   122 ||   235
Block: Buckler           |    32 |     7 |    42 ||    81

Table legend:
 A = Non-vault XP
 B = Vault XP
 C = Vault XP percentage of total XP
 D = Non-vault monster count
 E = Vault monster count
 F = Vault count percentage of total count
 G = Total turns spent on level
                 A         B        C        D         E       F
            +---------+---------+-------+---------+---------+-------
      Total |    1108 |     445 |  28.7 |      75 |      13 |  14.8
            +---------+---------+-------+---------+---------+-------
        D:1 |      35 |       0 |   0.0 |      19 |       0 |   0.0
        D:2 |      16 |      68 |  81.0 |      10 |      11 |  52.4
        D:3 |      11 |     208 |  95.0 |       5 |       1 |  16.7
        D:4 |     329 |     169 |  33.9 |       8 |       1 |  11.1
        D:5 |     477 |       0 |   0.0 |      25 |       0 |   0.0
        D:6 |     226 |       0 |   0.0 |       7 |       0 |   0.0
        D:7 |      14 |       0 |   0.0 |       1 |       0 |   0.0
            +---------+---------+-------+---------+---------+-------
